 Dungeon Crawl Stone Soup version 0.22-a0-455-ga0624bf (webtiles) character file.

130 KristoblXynda the Ruffian (level 4, -2/39 HPs)
             Began as a Troll Wizard on June 5, 2018.
             Killed from afar by an orc wizard (8 damage)
             ... with a puff of frost
             ... on level 3 of the Dungeon.
             The game lasted 00:04:34 (2060 turns).

KristoblXynda the Ruffian (Troll Wizard)            Turns: 2060, Time: 00:04:35

Health: -2/39      AC:  5    Str: 19    XL:     4   Next: 90%
Magic:  6/6        EV:  9    Int: 15    God:
Gold:   90         SH:  0    Dex:  8    Spells: 6/7 levels left

rFire    . . .     SeeInvis .     - Unarmed
rCold    . . .     Gourm    +   (no shield)
rNeg     . . .     Faith    .   a - +0 robe
rPois    .         Spirit   .   b - +0 hat
rElec    .         Reflect  .   (no cloak)
rCorr    .         Harm     .   (gloves unavailable)
MR       .....                  (boots unavailable)
Stlth    +.........             (no amulet)
HPRegen  0.53/turn              h - +4 ring of strength
MPRegen  0.10/turn              (no ring)

@: no status effects
A: large, unfitting armour, claws 3, fast metabolism 3, gourmand, regeneration
1, shaggy fur 1, tough skin 2
a: no special abilities


You were on level 3 of the Dungeon.
You were completely stuffed.

You visited 1 branch of the dungeon, and saw 3 of its levels.

You collected 90 gold pieces.

Inventory:

Armour
 a - a +0 robe (worn)
 b - a +0 hat (worn)
Jewellery
 h - a +4 ring of strength (left claw)
Wands
 p - a wand of flame (45)
Scrolls
 e - a scroll of blinking
 f - a scroll of random uselessness {unknown}
 i - a scroll of amnesia {unknown}
 k - a scroll of enchant weapon {unknown}
 n - a scroll of teleportation
Potions
 c - a potion of haste {unknown}
 g - a potion of invisibility {unknown}
 j - a potion of curing {unknown}
 l - a potion of berserk rage {unknown}
 m - a potion of experience {unknown}
 o - 2 potions of flight
 q - a potion of degeneration {unknown}
 r - a potion of mutation
Comestibles
 d - 6 rations
 s - 2 chunks of flesh


   Skills:
 - Level 1.5 Dodging
 - Level 1.0 Stealth
 * Level 3.1 Unarmed Combat
 - Level 2.0 Spellcasting
 * Level 2.5 Conjurations
   Level 0.6 Summonings
   Level 0.6 Translocations


You had 6 spell levels left.
You knew the following spells:

 Your Spells              Type           Power        Failure   Level  Hunger
a - Magic Dart            Conj           #...         8%          1    #......

Your spell library contained the following spells:

 Spells                   Type           Power        Failure   Level  Hunger
 Conjure Flame            Conj/Fire      #.......     36%         3    ###....
 Slow                     Hex            #.......     32%         2    ###....
 Mephitic Cloud           Conj/Pois/Air  #.......     43%         3    ###....
 Blink                    Tloc           N/A          26%         2    ###....
 Call Imp                 Summ           #.......     26%         2    ###....


Dungeon Overview and Level Annotations

Branches:
Dungeon (3/15)

Altars:
Xom

Annotations:
D:3 Robin


Innate Abilities, Weirdness & Mutations

You are too large for most types of armour.
You have claws for hands.
Your metabolism is lightning-fast.
You like to eat raw meat.
Your natural rate of healing is unusually fast.
You are covered in fur. (AC +1)
You have very tough skin. (AC +2)


Message History

The orc wizard is severely wounded.
The orc wizard closely misses you. The orc hits you but does no damage.
The goblin closely misses you. The orc hits you with a hand axe!
The orc closely misses you.
Unknown command.
You barely miss the orc wizard.
The orc wizard is severely wounded.
The orc wizard hits you with a dagger. The orc barely misses you.
The goblin barely misses you. The orc hits you with a hand axe.
The orc barely misses you.
Unknown command.
Okay, then.
The orc wizard gestures at you while chanting.
The puff of frost hits you!
* * * LOW HITPOINT WARNING * * *
The goblin barely misses you. The orc wizard barely misses you.
The orc wizard casts a spell at you. The puff of frost hits you!
You die...

......## ######## .......##
##......## .......>#
##........## ........#
#..........# ........#
######..........# ........#
#....#..........#
........#######....#..........#
..................o#g.........#
.......########>@.oKo.g.<....##
.........## #....gogg.......##
........>.# ##....#.g..........
........#.# #....#rg........##
........#.##########r.........#
.......)#......# #..........#
.......#...###.# #..........#
.......>.......... ............
##.(........##............oo###


You could see Robin, an orc wizard, 3 orcs, 4 hobgoblins, 2 goblins and a
kobold.

Vanquished Creatures
  Jessica (D:2)
  Terence (D:2)
  2 adders
  2 oozes
  2 worms (D:2)
  2 dart slugs
  2 leopard geckos
  3 bats
  3 giant cockroaches
  11 goblins
  2 hobgoblins (D:2)
  2 jackals (D:1)
  A ball python (D:1)
  2 frilled lizards
  5 kobolds
  5 rats (D:1)
46 creatures vanquished.

Notes
Turn   | Place    | Note
-------+----------+-------------------------------------------
     0 | D:1      | KristoblXynda the Troll Wizard began the quest for the Orb.
     0 | D:1      | Reached XP level 1. HP: 16/16 MP: 2/2
    37 | D:1      | Reached skill level 1 in Conjurations
    79 | D:1      | Reached skill level 1 in Unarmed Combat
   124 | D:1      | Reached XP level 2. HP: 24/24 MP: 4/4
   693 | D:1      | Reached XP level 3. HP: 31/31 MP: 5/5
   935 | D:2      | Reached skill level 2 in Unarmed Combat
  1130 | D:2      | Noticed Terence
  1148 | D:2      | Killed Terence
  1148 | D:2      | Reached XP level 4. HP: 17/39 MP: 6/6
  1293 | D:2      | Noticed Jessica
  1305 | D:2      | Killed Jessica
  1354 | D:2      | Found a shimmering altar of Xom.
  1772 | D:3      | Noticed Robin
  1983 | D:3      | Reached skill level 3 in Unarmed Combat
  2060 | D:3      | Killed from afar by an orc wizard

Vault maps used:
D:1:      dpeg_arrival_prison
D:2:      xom_butterflies, first_ration, moated_statue, uniq_terence,
          uniq_jessica
D:3:      uniq_robin

Skill      XL: |  1  2  3  4 |
---------------+-------------+-----
Conjurations   | 1 2 |  2.5
Unarmed Combat | 1 2 3 |  3.1
Dodging        | |  1.5
Stealth        | |  1.0
Spellcasting   | |  2.0
Summonings     | |  0.6
Translocations | |  0.6

Action                   |  1- 3 |  4- 6 || total
-------------------------+-------+-------++-------
Melee: Unarmed           |    91 |    60 ||   151
  Use: Scroll            |       |     4 ||     4
 Stab: Sleeping          |     1 |       ||     1
  Eat: Chunk             |    11 |    13 ||    24
Armor: Robe              |    42 |    23 ||    65
Dodge: Dodged            |    42 |    55 ||    97

Table legend:
 A = Spawn XP
 B = Non-spawn XP
 C = Spawn XP percentage of total XP
 D = Spawn monster count
 E = Non-spawn monster count
 F = Spawn count percentage of total count
 G = Total turns spent on level
                    A         B        C        D         E        F      G
               +---------+---------+-------+---------+---------+-------+---------
         Total |       0 |     187 |   0.0 |       0 |      46 |   0.0 |  2060
               +---------+---------+-------+---------+---------+-------+---------
           D:1 |       0 |      43 |   0.0 |       0 |      23 |   0.0 |   917
           D:2 |       0 |     116 |   0.0 |       0 |      17 |   0.0 |  1040
           D:3 |       0 |      28 |   0.0 |       0 |       6 |   0.0 |   103
               +---------+---------+-------+---------+---------+-------+---------
